 Dungeon Crawl Stone Soup version 0.28-a0-1493-g08698888e4 (webtiles) character file.

Game seed: 12889354336479599263

14 murtidash the Sneak (level 2, -4/40 HPs)
             Began as a Hill Orc Delver on Jan 13, 2022.
             Succumbed to a kobold's poison
             ... on level 1 of the Dungeon.
             The game lasted 00:02:17 (334 turns).

murtidash the Sneak (Hill Orc Delver)                Turns: 334, Time: 00:02:17

Health: -4/40      AC: 21    Str: 14    XL:     2   Next: 45%
Magic:  2/2        EV:  2    Int: 10    God:
Gold:   24         SH:  0    Dex: 12    Spells: 1/1 levels left

rFire   . . .      SeeInvis .   a - +0 hand axe
rCold   . . .      Faith    .   k - orb {*Rage}
rNeg    . . .      Spirit   .   (armour currently unavailable)
rPois   +          Reflect  .   (helmet currently unavailable)
rElec   .          Harm     .   (cloak currently unavailable)
rCorr   .          Rampage  .   (gloves currently unavailable)
Will    .....      Rage     20% (boots currently unavailable)
Stlth   ++........ NoTele   +   (no amulet)
HPRegen 0.13/turn               (no ring)
MPRegen 0.08/turn               (no ring)

@: lethally poisoned (-4 -> -24), tree-form, on berserk cooldown, slowed, very
slow
A: stationary, stasis, torment immunity, boosted hp
a: no special abilities


You were on level 1 of the Dungeon.
You were a tree.
You visited 1 branch of the dungeon, and saw 5 of its levels.

You collected 24 gold pieces.

Inventory:

Hand Weapons
 a - a +0 hand axe (weapon)
Armour
 b - a +0 leather armour (melded)
 h - a +0 kite shield
   (You found it on level 5 of the Dungeon)
 j - a +0 helmet (melded)
   (You found it on level 4 of the Dungeon)
 k - an orb of wrath (worn)
   (You found it on level 4 of the Dungeon)
 m - a +0 cloak
   (You found it on level 3 of the Dungeon)
Wands
 g - a wand of digging (3)
Scrolls
 c - a scroll of fog
 d - a scroll of magic mapping {!r}
 i - 2 scrolls of identify {unknown}
 n - a scroll of immolation {unknown}
 o - a scroll of enchant weapon {unknown}
Potions
 f - a potion of haste
 l - a potion of lignification {!q}


   Skills:
 + Level 4.1 Fighting
 + Level 3.4 Axes
 + Level 0.3 Armour
 - Level 1.5 Dodging
 - Level 4.1 Stealth


You had one spell level left.
You didn't know any spells.
Your spell library was empty.

Dungeon Overview and Level Annotations

Branches:
Dungeon (5/15)
 Temple: D:4-7

Altars:

Shops:
D:2 [

Annotations:
D:4 Sigmund


Message History

The kobold hits you but does no damage.
You hit the kobold. The kobold barely misses you.
You hit the kobold.
You kill the kobold!
No target in view!
No target in view!
No target in view!
No target in view!
No target in view!
No target in view!
No target in view!
No target in view!
No target in view!
No target in view!
No target in view!
No target in view!
No target in view!
No target in view!
No target in view!
No target in view!
You see here a +0 short sword.
You recover from your berserk rage.
Found a stone staircase leading down.
A giant cockroach comes into view.
The giant cockroach bites you.
You take 1 damage, and have 26/27 hp.
A red film seems to cover your vision as you go berserk!
You feel yourself moving faster!
You feel mighty!
You hit the giant cockroach.
You kill the giant cockroach!
You now have 39/40 hp.
No target in view!
No target in view!
No target in view!
No target in view!
No target in view!
No target in view!
No target in view!
No target in view!
No target in view!
No target in view!
No target in view!
No target in view!
No target in view!
No target in view!
No target in view!
Calm down first, please.
You start resting.
Health restored: 40 Calm down first, please.
You start waiting.
You feel a strong urge to attack something.
You start waiting.
You feel your anger nearly subside.
You are no longer berserk.
You are exhausted.
You feel yourself slow down.
You now have 27/27 hp.
o - a scroll labelled MEXOM CUMOASIKK
Found an escape hatch in the floor.
A hobgoblin comes into view.
The hobgoblin shouts!
You hit the hobgoblin.
A kobold comes into view.
It is wielding a +0 short sword of venom.
The hobgoblin hits you.
You take 2 damage, and have 25/27 hp.
You closely miss the hobgoblin.
The hobgoblin hits you but does no damage. x2
You hit the hobgoblin.
You kill the hobgoblin!
You miss the kobold. The kobold barely misses you.
The kobold hits you with a +0 short sword of venom.
You take 3 damage, and have 23/27 hp.
You closely miss the kobold.
The kobold hits you with a +0 short sword of venom.
You take 3 damage, and have 20/27 hp.
You miss the kobold. The kobold hits you but does no damage.
You are poisoned.
The kobold hits you with a +0 short sword of venom.
You are lethally poisoned!
You take 4 damage, and have 16/27 hp.
You are too injured to fight recklessly!
You are too injured to fight recklessly!
You barely miss the kobold.
* * * LOW HITPOINT WARNING * * *
You feel extremely sick. The kobold completely misses you.
The kobold hits you with a +0 short sword of venom.
* * * LOW HITPOINT WARNING * * *
You are more poisoned.
You take 10 damage, and have 6/27 hp.
MASSIVE DAMAGE!!
It was a potion of lignification.
You turn into a tree.
Your +0 helmet melds into your body.
Your +0 leather armour melds into your body.
Your roots penetrate the ground.
* * * LOW HITPOINT WARNING * * *
You feel extremely sick. The kobold hits you but does no damage.
You now have 2/40 hp.
As you read the scroll of fear, it crumbles to dust.
You assume a fearsome visage.
The kobold looks frightened!
You die...

#.# ##.######..#.#
#.###......>.....#
#.....#...###..####.
#####...............
##....###..#####
##..........#
##......###.##
##........##.#
#......♣.....#
......K†...#.#
###.=......#.#
##......>#
...........
###.......###
#.......# ........#


You could see a kobold (fleeing).

Vanquished Creatures
  An endoplasm (D:2)
  A giant cockroach (D:1)
  A goblin (D:2)
  2 hobgoblins
  2 jackals (D:4)
  2 quokkas (D:2)
  2 ball pythons
  A kobold (D:1)
12 creatures vanquished.

Notes
Turn   | Place    | Note
-------+----------+-------------------------------------------
     0 | D:5      | murtidash the Hill Orc Delver began the quest for the Orb.
     0 | D:5      | Reached XP level 1. HP: 19/19 MP: 1/1
    55 | D:4      | Noticed Sigmund
   110 | D:4      | Reached skill level 3 in Axes
   150 | D:2      | Found Une Itui's Antique Armour Boutique.
   196 | D:2      | Reached skill level 4 in Fighting
   196 | D:2      | Reached XP level 2. HP: 25/27 MP: 2/2
   333 | D:1      | HP: 2/40 [poisoned by a kobold]
   334 | D:1      | Succumbed to a kobold's poison

Illustrated notes

Levels and vault maps discovered:
D:1:      minmay_arrival_wavy_path, layout_loops_ring, serial_shops, shop
D:2:      layout_loops_ring, serial_shops, nicolae_shop_window_shopping,
          minmay_fractal_squares_gapless_5, uniq_jessica, uniq_natasha
D:3:      layout_rooms, nicolae_ecumenical_oubliette, serial_shops, shop
D:4:      layout_loops_cross, yredelemnul_forgotten_temple_becter,
          item_on_display_a, uniq_robin, uniq_sigmund, uniq_ijyb
D:5:      layout_rooms, general_overflow_altar

Skill      XL: |  1 |
---------------+----+-----
Axes           | 3 |  3.4
Fighting       | 4 |  4.1
Armour         | |  0.3
Dodging        | |  1.5
Stealth        | |  4.1

Action                   || total
-------------------------++-------
Melee: Hand axe          ||    29
  Use: Scroll            ||     1
       Potion            ||     1
Armor: Leather armour    ||     7
       Skin              ||     1
Dodge: Dodged            ||    11

Table legend: (Time is in decaauts)
 A = Elapsed time spent in this place.
 B = Non-inter-level travel time spent in this place.
 C = Inter-level travel time spent in this place.
 D = Time resting spent in this place.
 E = Time spent auto-exploring this place.
 F = Levels seen in this place.
 G = Mean time per level.
                   A        B        C        D        E       F      G
               +--------+--------+--------+--------+--------+-----+--------+
         Total |    382 |    382 |      0 |     92 |     21 |   5 |   76.4 |
       Dungeon |    382 |    382 |      0 |     92 |     21 |   5 |   76.4 |
               +--------+--------+--------+--------+--------+-----+--------+

Top non-repeatable levels by time:
     D:2: 154 daAuts
     D:4: 110 daAuts
     D:1: 65 daAuts
     D:5: 42 daAuts
     D:3: 9 daAuts

Table legend:
 A = Kills in this place as a percentage of kills in entire the game.
 B = Kills by you in this place as a percentage of kills by you in the entire game.
 C = Kills by friends in this place as a percentage of kills by friends in the entire game.
 D = Other kills in this place as a percentage of other kills in the entire game.
 E = Experience gained in this place as a percentage of experience gained in the entire game.
 F = Experience gained in this place divided by the number of levels of this place that you have seen.
                   A       B       C       D       E      F
               +-------+-------+-------+-------+-------+----------------------
         Total | 100.0 | 100.0 |   N/A |   N/A | 100.0 |   4.2
       Dungeon | 100.0 | 100.0 |   N/A |   N/A | 100.0 |   4.2
               +-------+-------+-------+-------+-------+----------------------
